 Dungeon Crawl Stone Soup version 0.31-a0-175-g9f7f995f2b (webtiles) character file.

Game seed: 11647422701948452852

70352 jasper the Geomancer (level 14, -1/72 HPs)
             Began as a Spriggan Earth Elementalist on June 16, 2023.
             Was a High Priest of Sif Muna.
             Killed by divine providence
             ... invoked by an orc priest
              (15 damage)
             ... on level 2 of the Orcish Mines.
             The game lasted 00:44:11 (23663 turns).

jasper the Geomancer (Spriggan Earth Elementalist) Turns: 23663, Time: 00:44:11

Health: -1/72      AC:  7    Str:  4    XL:     14   Next: 93%
Magic:  20/28      EV: 25    Int: 33    God:    Sif Muna [*****.]
Gold:   1667       SH:  6    Dex: 19    Spells: 0/31 levels left

rFire   + . .        s - +5 rapier of Valuable Assets {drain, Int+3}
rCold   . . .        A - +0 buckler
rNeg    . . .        C - +0 steam dragon scales
rPois   .            Z - +1 hat {Will+}
rElec   .            a - +0 cloak of Understanding {Rampage rF+ Regen+ SInv}
rCorr   .            (gloves unavailable)
SInv    +            (boots unavailable)
Will    ++++.        Y - amulet of magic regeneration
Stlth   ++++         Q - ring "Umog" {Wiz Will+ Int+4 Stlth+}
HPRegen 1.12/turn    G - ring of Yvvalos {Int+6 Dex+2}
MPRegen 0.61/turn

%: rampage, wizardry (x1)
@: channelling, very quick
A: very small, no large weapons, unfitting armour, see invisible, speed 3
a: Renounce Religion, Channel Magic, Forget Spell, Divine Exegesis


You were on level 2 of the Orcish Mines.
You worshipped Sif Muna.
Sif Muna was extremely pleased with you.
You visited 3 branches of the dungeon, and saw 16 of its levels.
You also visited: Sewer, Ossuary and Gauntlet.

You collected 3154 gold pieces.
You spent 1487 gold pieces at shops.

Inventory:

Hand Weapons
 s - the +5 rapier of Valuable Assets (weapon) {drain, Int+3}
   (You found it on level 1 of the Orcish Mines)

   Int:       It affects your intelligence (+3).
Missiles
 q - 9 poisoned darts
 O - 4 curare-tipped darts
Armour
 a - the +0 cloak of Understanding (worn) {Rampage rF+ Regen+ SInv}
   (You bought it in a shop on level 8 of the Dungeon)

   rF:        It protects you from fire.
   SInv:      It lets you see invisible.
   Regen:     It increases your rate of health regeneration.
   Rampage:   It bestows one free step when moving towards enemies.
 d - a +0 troll leather armour
 n - the crystal ball of Wucad Mu {*channel}
   (You took it off an orc warrior on level 2 of the Orcish Mines)

   *Channel:  It often returns the magic spent to cast spells, but lowers their
   success rate.
   It always returns the magic spent on miscasts.
 A - a +0 buckler (worn)
 C - +0 steam dragon scales (worn)
 Z - a +1 hat of willpower (worn)
Jewellery
 j - the amulet of Ushray Jukon {Faith Rampage rElec}
   (You took it off an orc warrior on level 2 of the Orcish Mines)

   [amulet of faith]

   It allows you to gain divine favour quickly.
   rElec:     It insulates you from electricity.
   Rampage:   It bestows one free step when moving towards enemies.
 o - a ring of protection from cold
 v - the amulet "Imogehan" {Reflect rC+ Will+ SH+5}
   (You found it in a sewer)

   [amulet of reflection]

   It reflects blocked missile attacks.
   rC:        It protects you from cold.
   SH:        It affects your SH (+5).
   Will:      It increases your willpower.
 B - a ring of positive energy
 G - the ring of Yvvalos (right hand) {Int+6 Dex+2}
   (You found it on level 8 of the Dungeon)

   [ring of intelligence]

   Int:       It affects your intelligence (+6).
   Dex:       It affects your dexterity (+2).
 Q - the ring "Umog" (left hand) {Wiz Will+ Int+4 Stlth+}
   (You found it in a Gauntlet)

   [ring of wizardry]

   It improves your spell success rate.
   Int:       It affects your intelligence (+4).
   Will:      It increases your willpower.
   Stlth:     It makes you more stealthy.
 R - a ring of fire
 S - the ring of Charity {rCorr Str+2}
   (You took it off a minotaur in a Gauntlet)

   [ring of resist corrosion]

   Str:       It affects your strength (+2).
   rCorr:     It protects you from acid and corrosion.
 Y - an amulet of magic regeneration (around neck)
Wands
 H - a wand of mindburst (9)
 P - a wand of polymorph (6)
 T - a wand of flame (20)
 V - a wand of acid (15)
 W - a wand of paralysis (7)
 X - a wand of iceblast (2)
Scrolls
 c - 5 scrolls of blinking
 e - 5 scrolls of immolation
 f - 4 scrolls of identify
 g - a scroll of vulnerability
 k - 5 scrolls of teleportation
 r - 3 scrolls of enchant weapon
 u - 2 scrolls of torment
 y - 2 scrolls of butterflies
 K - 3 scrolls of fog
 L - 3 scrolls of revelation
Potions
 b - 3 potions of magic
 h - 4 potions of degeneration
 i - 2 potions of cancellation
 l - 3 potions of attraction
 m - 4 potions of lignification
 t - 2 potions of resistance
 w - 3 potions of berserk rage {unknown}
 x - 2 potions of haste {unknown}
 z - 4 potions of invisibility
 E - 4 potions of brilliance {unknown}
 F - 3 potions of might {unknown}
 I - a potion of enlightenment {unknown}
 J - 5 potions of ambrosia
 M - 5 potions of curing
Miscellaneous
 p - a phantom mirror (inert)
 U - a phial of floods


   Skills:
 - Level 7.4 Fighting
 - Level 12.0 Dodging
 - Level 3.0 Stealth
 - Level 4.7 Shields
 - Level 9.2 Spellcasting
 + Level 11.2 Conjurations
 - Level 1.3 Transmutations
 - Level 6.0 Fire Magic
 - Level 12.0 Earth Magic
 - Level 7.3 Invocations
 - Level 5.0 Evocations


You couldn't memorise any spells.
You knew the following spells:

 Your Spells              Type           Power      Damage    Failure   Level
a - Sandblast             Erth           100%       2d20      1%          1
b - Passwall              Tmut/Erth      46%        N/A       1%          2
c - Stone Arrow           Conj/Erth      100%       3d13      1%          3
d - Leda's Unmaking       Conj/Erth      37%        9d7       3%          6
e - Fireball              Conj/Fire      32%        3d14      1%          5
f - Orb of Destruction    Conj           36%        9d11      19%         7
g - Malign Gateway        Summ/Tloc      7%         N/A       100%        7

Your spell library contained the following spells:

 Spells                   Type           Power      Damage    Failure   Level
 Kiss of Death            Conj/Necr      100%       2d13      1%          1
 Magic Dart               Conj           100%       1d8       1%          1
 Searing Ray              Conj           100%       2d8       1%          2
 Hailstorm                Conj/Ice       51%        3d11      1%          3
 Inner Flame              Hex/Fire       34%        N/A       1%          3
 Mephitic Cloud           Conj/Pois/Air  39%        N/A       1%          3
 Flame Wave               Conj/Fire      64%        2d15      1%          4
 Petrify                  Tmut/Erth      56%        N/A       1%          4
 Sticky Flame             Conj/Fire      64%        2d8       1%          4
 Iskenderun's Battlesphe  Conj           73%        2d12      1%          5
 Ignite Poison            Fire/Tmut/Pois 31%        N/A       2%          3
 Lesser Beckoning         Tloc           30%        N/A       3%          2
 Gell's Gravitas          Tloc           15%        N/A       7%          3
 Teleport Other           Tloc           15%        N/A       7%          3
 Yara's Violent Unravell  Hex/Tmut       9%         3d6       41%         5
 Spellforged Servitor     Conj/Summ      25%        N/A       86%         7
 Simulacrum               Ice/Necr       7%         N/A       96%         6
 Summon Cactus Giant      Summ           7%         N/A       96%         6
 Enfeeble                 Hex            7%         N/A       100%        7
 Ozocubu's Refrigeration  Ice            7%         4d9       100%        7
 Ignition                 Fire           26%        3d9       100%        8
 Summon Horrible Things   Summ           7%         N/A       100%        8
 Chain Lightning          Conj/Air       25%        3d34      100%        9
 Fire Storm               Conj/Fire      32%        8d8       100%        9
 Polar Vortex             Ice            7%         N/A       100%        9


Dungeon Overview and Level Annotations

Branches:
Dungeon (9/15)             Temple (0/1) D:5            Lair (5/5) D:9
  Swamp (0/4) Lair:3       Spider (0/4) Lair:2        Slime (0/5) Lair:4
    Orc (2/2) D:9             Elf (0/3) Orc:2         Sewer (visited)
Ossuary (visited)         Gauntlet (visited)

Altars:
Ashenzari
Cheibriados
Elyvilon
Gozag
Hepliaklqana
Kikubaaqudgha
Makhleb
Nemelex Xobeh
Okawaru
Sif Muna
Trog
Uskayaw
Zin
Jiyva

Shops:
D:3 !   D:6 *   D:7 ?   D:8 *[=[[

Annotations:
D:3 2 transporters, SirDiesAlot's ghost, amateur OpEn
Lair:2 1 runed translucent door, Lance11888's ghost, journeyman KoAr


Innate Abilities, Weirdness & Mutations

You are very small and have problems with some larger weapons.
You are too small for most types of armour.
You have supernaturally acute eyesight. (SInv)
You cover ground extremely quickly. (Speed+++)


Message History

The orc priest looks satisfied for a moment.
You take 25 damage, and have 11/72 hp.
MASSIVE DAMAGE!!
You now have 15/28 mp.
Casting: Fireball (dangerous; 1% risk of failure)
Confirm with . or Enter, or press ? or * to list all spells.
Aiming: Fireball (dangerous; 1% risk of failure)
Press: ? - help, Shift-Dir - straight line, f/p - orc warrior
Aim: an orc warrior, wielding a +0 flail and wearing a +0 chain mail (almost dead) That beam is likely to hit you.
Continue anyway?
Okay, then.
Aiming: Stone Arrow (safe; 1% risk of failure)
Press: ? - help, Q - select action, (/) - cycle Shift-Dir - straight line, f/p - orc warrior
Aim: an orc warrior, wielding a +0 flail and wearing a +0 chain mail (almost dead, 75% to hit)
The stone arrow hits the orc warrior!!
You kill the orc warrior!
Sif Muna accepts your kill.
An orc priest comes into view. It is wielding a +0 war axe.
An orc knight comes into view. It is wielding a +0 war axe.
An orc priest comes into view. It is wielding a +0 hand axe.
You regained 2 hp, and now have 13/72 hp.
You regained 2 mp, and now have 17/28 mp.
Casting: Stone Arrow (safe; 1% risk of failure)
Confirm with . or Enter, or press ? or * to list all spells.
Aiming: Fireball (dangerous; 1% risk of failure)
Press: ? - help, Shift-Dir - straight line, f - orc warrior
Aim: an orc warrior, wielding a +0 battleaxe and wearing a +0 plate armour The fireball explodes!
The fireball engulfs the orc warrior!
The orc warrior is heavily wounded.
The fireball engulfs the orc priest!
You kill the orc priest!
Sif Muna accepts your kill.
The fireball engulfs the orc priest!
The orc priest is almost dead.
The fireball engulfs the orc priest!!
You kill the orc priest!
Sif Muna accepts your kill.
You hear a shout!
An orc priest comes into view. It is wielding a +0 hand axe.
The orc priest invokes the aid of Beogh against you.
Beogh smites you!
You die...

..........# #####
........## .......## #
......... .. .........#
... .........#### ## ))
...#.....##.# ###.#o#)#.
.####.......####..o.o).o.
.###............@o).o.ooo
..####.............)...o.
...#.#.........###.#.#.#.
...#........#### ## ...
...#......### ...
.........#.## ..
........#...# #
.........#.##
.#......####


You could see an orc knight, an orc warrior and 7 orc priests.

Vanquished Creatures
  Kirke (Lair:5)
  3 orc warlords (Orc:2)
  A stone giant (Orc:1)
  A minotaur (Gauntlet)
  Snorg (Orc:1)
  2 ettins (Orc:1)
  Josephine (Orc:1)
  2 hydras
  3 boulder beetles (Lair:3)
  A two-headed ogre (Orc:1)
  3 catoblepae (Lair:5)
  8 death yaks
  2 skysharks
  Pikel (D:5)
  A lindwurm (Lair:5)
  3 orc knights
  2 orc sorcerers (Orc:2)
  2 manticores (Lair:5)
  18 cyclopes (Orc:1)
  Maurice (D:9)
  8 elephants (Lair:2)
  4 black mambas
  12 cane toads
  2 rime drakes (Lair:4)
  11 komodo dragons
  A queen bee (Orc:1)
  5 trolls
  2 polar bears
  A hornet (D:6)
  29 blink frogs
  A shadow (D:9)
  Sigmund (D:6)
  38 yaks
  4 wraiths
  5 wyverns
  2 steam dragons
  A basilisk (Lair:4)
  5 hogs (Lair:5)
  Edmund (D:4)
  Menkaure (D:5)
  16 wargs
  2 swamp worms (D:8)
  15 water moccasins
  37 orc warriors
  A sky beast (D:3)
  14 wolves
  3 black bears
  12 ogres
  5 centaurs
  2 lemures (D:5)
  2 phantoms
  A kobold brigand (D:9)
  A gnoll sergeant (D:8)
  13 bullfrogs
  35 killer bees
  An electric eel (Lair:3)
  5 hounds
  Crazy Yiuf (D:2)
  5 jellies
  16 orc priests
  3 sleepcaps
  5 iguanas
  Ijyb (D:3)
  15 orc wizards
  5 hell rats (Lair:4)
  8 mummies (Ossuary)
  9 gnolls
  16 adders
  2 river rats (D:4)
  3 white imps
  An ufetubus (D:5)
  2 worms
  79 orcs
  15 ball pythons
  2 bats (D:3)
  2 bat zombies (D:9)
  9 endoplasms
  15 giant cockroaches
  2 gnoll zombies (Ossuary)
  6 hobgoblins
  4 jackals (D:4)
  6 quokkas
  13 frilled lizards
  5 goblins
  2 goblin zombies (D:5)
  2 hobgoblin zombies (Ossuary)
  14 kobolds
  A kobold zombie (Ossuary)
  3 orc zombies (Ossuary)
  4 rats
  2 rat zombies (D:9)
634 creatures vanquished.

Vanquished Creatures (collateral kills)
  An orc (Orc:2)
1 creature vanquished.

Grand Total: 635 creatures vanquished

Notes
Turn   | Place    | Note
-------+----------+-------------------------------------------
     0 | D:1      | jasper the Spriggan Earth Elementalist began the quest for
                  | the Orb.
     0 | D:1      | Reached XP level 1. HP: 9/9 MP: 5/5
   279 | D:1      | Reached XP level 2. HP: 14/14 MP: 3/6
   282 | D:1      | Learned a level 2 spell: Passwall
   660 | D:1      | Found a faded altar of an unknown god.
   721 | D:1      | Prayed at the altar of an unknown god.
   721 | D:1      | Became a worshipper of Sif Muna the Loreminder
   721 | D:1      | Reached * piety under Sif Muna
   986 | D:2      | Reached XP level 3. HP: 7/17 MP: 2/8
  1165 | D:2      | Reached skill level 1 in Fighting
  1772 | D:2      | Found a runed translucent door.
  1773 | D:2      | Noticed Crazy Yiuf
  1853 | D:2      | Reached XP level 4. HP: 22/22 MP: 6/9
  1857 | D:2      | Learned a level 3 spell: Stone Arrow
  2145 | D:2      | Killed Crazy Yiuf
  2253 | D:3      | Noticed Ijyb
  2292 | D:3      | Killed Ijyb
  2292 | D:3      | Reached ** piety under Sif Muna
  2317 | D:3      | Reached XP level 5. HP: 25/25 MP: 8/10
  2547 | D:3      | Noticed a sky beast
  2556 | D:3      | Killed a sky beast
  2592 | D:3      | Reached XP level 6. HP: 25/30 MP: 7/11
  2706 | D:3      | Found a glowing silver altar of Zin.
  2772 | D:3      | Found a white marble altar of Elyvilon.
  2772 | D:3      | Found a broken altar of Ashenzari.
  2775 | D:3      | Found Jecue's Distillery.
  2791 | D:3      | Bought a potion of curing for 33 gold pieces
  2791 | D:3      | Bought a potion of curing for 33 gold pieces
  2929 | D:3      | Found a transporter.
  2933 | D:3      | Noticed SirDiesAlot's ghost (amateur OpEn)
  2934 | D:3      | Found a transporter.
  3226 | D:4      | Reached skill level 5 in Dodging
  3226 | D:4      | Reached skill level 5 in Earth Magic
  3287 | D:4      | Noticed Edmund
  3344 | D:4      | Killed Edmund
  3345 | D:4      | Reached XP level 7. HP: 35/35 MP: 3/12
  3750 | D:4      | Found a glowing drain.
  3823 | Sewer    | Entered a sewer
  3867 | Sewer    | Reached *** piety under Sif Muna
  4298 | Sewer    | Identified the amulet "Imogehan" {Reflect rC+ Will+ SH+5}
  4907 | D:5      | Entered Level 5 of the Dungeon
  5208 | D:5      | Identified the +5 flail of Impatience {speed, rF+ rCorr
                  | Str+2}
  5243 | D:5      | Reached **** piety under Sif Muna
  5322 | D:5      | Noticed Menkaure
  5329 | D:5      | Killed Menkaure
  5330 | D:5      | Reached XP level 8. HP: 19/42 MP: 7/13
  5451 | D:5      | Found a sand-covered staircase.
  5460 | Ossuary  | Entered an ossuary
  5926 | D:5      | Noticed Pikel
  5931 | D:5      | Killed Pikel
  5994 | D:5      | Found a staircase to the Ecumenical Temple.
  6735 | D:6      | Reached skill level 1 in Shields
  6755 | D:6      | Found a hazy altar of Hepliaklqana.
  6781 | D:6      | Noticed Sigmund
  6784 | D:6      | Killed Sigmund
  6785 | D:6      | Reached XP level 9. HP: 46/46 MP: 11/14
  6923 | D:6      | Found a burning altar of Makhleb.
  6939 | D:6      | Found a bloodstained altar of Trog.
  7060 | D:6      | Reached ***** piety under Sif Muna
  7238 | D:6      | Received a gift from Sif Muna
  7241 | D:6      | Got Sif Muna's Atlas of Kinetic Bad Luck {god gift}
  7788 | D:6      | Found Erageen's General Store.
  7796 | D:6      | Bought a scroll of butterflies for 44 gold pieces
  7796 | D:6      | Bought a phantom mirror for 440 gold pieces
  8617 | D:7      | Found Syn Sin's Magic Scroll Shop.
  8650 | D:7      | Bought a scroll of teleportation for 42 gold pieces
  8713 | D:7      | Found a hide-covered altar of Uskayaw.
  8768 | D:7      | Reached XP level 10. HP: 51/51 MP: 6/15
  8945 | D:8      | Reached skill level 10 in Earth Magic
  8951 | D:8      | HP: 2/51 [yak (14)]
  9217 | D:8      | Identified the ring of Yvvalos {Int+6 Dex+2}
  9270 | D:8      | Noticed an animated pearl dragon scales
  9272 | D:8      | Found Itierph's Armour Shoppe.
  9280 | D:8      | Noticed an animated shadow dragon scales
  9374 | D:8      | Found an opulent altar of Gozag.
  9374 | D:8      | Found a sparkling altar of Nemelex Xobeh.
  9498 | D:8      | Reached skill level 1 in Invocations
  9513 | D:8      | Reached skill level 1 in Evocations
  9595 | D:8      | Found Uczo's Armour Emporium.
  9609 | D:8      | Found Ysuemo Mois's Jewellery Emporium.
  9651 | D:8      | Found a snail-covered altar of Cheibriados.
  9835 | D:8      | Found Kuot Muu's Assorted Antiques.
  9839 | D:8      | Found Qauwkin's Antique Armour Emporium.
  9844 | D:8      | Bought a bubbling coppery potion for 20 gold pieces
  9959 | D:8      | Found a shimmering blue altar of Sif Muna.
 10058 | D:9      | Found a staircase to the Lair.
 10060 | D:9      | Noticed Maurice
 10069 | D:9      | Reached skill level 5 in Fighting
 10088 | D:9      | Killed Maurice
 10317 | D:9      | Received a gift from Sif Muna
 10477 | D:9      | Found an iron altar of Okawaru.
 10598 | D:9      | Reached XP level 11. HP: 56/56 MP: 9/16
 10606 | D:9      | Learned a level 5 spell: Iskenderun's Battlesphere
 10826 | D:9      | Reached skill level 5 in Evocations
 10954 | D:9      | Reached skill level 10 in Dodging
 10988 | D:9      | Found a staircase to the Orcish Mines.
 11052 | D:9      | Found an ancient bone altar of Kikubaaqudgha.
 11334 | Lair:1   | Entered Level 1 of the Lair of Beasts
 11366 | Lair:1   | Reached skill level 5 in Invocations
 11746 | Lair:1   | Found a gate leading to a gauntlet.
 11755 | Gauntlet | Entered a Gauntlet
 11755 | Gauntlet | Found a transporter.
 11762 | Gauntlet | Noticed a five-headed hydra
 11764 | Gauntlet | Found a transporter.
 11766 | Gauntlet | Found a transporter.
 11768 | Gauntlet | Found a transporter.
 11769 | Gauntlet | Found a transporter.
 11769 | Gauntlet | Noticed a death drake
 11770 | Gauntlet | Found a transporter.
 11775 | Gauntlet | Noticed a hell hog
 11775 | Gauntlet | Noticed a wizard
 11776 | Gauntlet | Noticed a wizard
 11779 | Gauntlet | Found a transporter.
 11779 | Gauntlet | Found a transporter.
 11796 | Gauntlet | Noticed a cacodemon
 11799 | Gauntlet | Found a transporter.
 11816 | Gauntlet | Found a transporter.
 11820 | Gauntlet | Found a transporter.
 11823 | Gauntlet | Noticed a green death
 11828 | Gauntlet | Found a transporter.
 11954 | Gauntlet | Identified the ring "Umog" {Wiz Will+ Int+4 Stlth+}
 11995 | Gauntlet | Identified the ring of Charity {rCorr Str+2}
 11995 | Gauntlet | Noticed a minotaur
 12002 | Gauntlet | Killed a minotaur
 12107 | Gauntlet | Identified the +2 hat "Ysiosutu" {rF- Str+3 Dex+5}
 12107 | Gauntlet | Identified the +0 leather armour "Pauplast" {rF+}
 12807 | Lair:2   | Reached skill level 5 in Conjurations
 12934 | Lair:2   | Reached XP level 12. HP: 61/61 MP: 15/18
 12959 | Lair:2   | Noticed an eight-headed hydra
 12969 | Lair:2   | Killed an eight-headed hydra
 13102 | Lair:2   | Received a gift from Sif Muna
 13108 | Lair:2   | Got Sif Muna's Commentary on Conjuration {god gift}
 13489 | Lair:2   | Found a runed translucent door.
 13489 | Lair:2   | Noticed Lance11888's ghost (journeyman KoAr)
 13597 | Lair:2   | Found a hole to the Spider Nest.
 13604 | Lair:2   | Learned a level 5 spell: Fireball
 14161 | Lair:2   | Reached skill level 1 in Fire Magic
 14511 | Lair:2   | Noticed a death yak
 14512 | Lair:2   | Noticed a death yak
 14512 | Lair:2   | Noticed a death yak
 14568 | Lair:1   | Learned a level 6 spell: Leda's Unmaking
 14719 | Lair:3   | Noticed a death yak
 14720 | Lair:3   | Noticed a death yak
 14722 | Lair:3   | Noticed a death yak
 14789 | Lair:3   | Killed a death yak
 14805 | Lair:3   | Killed a death yak
 14806 | Lair:3   | Killed a death yak
 14980 | Lair:3   | Noticed a boulder beetle
 15026 | Lair:3   | Killed a boulder beetle
 15028 | Lair:3   | Noticed a boulder beetle
 15029 | Lair:3   | Noticed a boulder beetle
 15087 | Lair:3   | Killed a boulder beetle
 15140 | Lair:3   | Killed a boulder beetle
 15277 | Lair:3   | Found a staircase to the Swamp.
 15596 | Lair:3   | Reached XP level 13. HP: 26/65 MP: 1/19
 16007 | Lair:4   | Reached skill level 5 in Spellcasting
 16140 | Lair:4   | Found a staircase to the Slime Pits.
 16141 | Lair:4   | Found a viscous altar of Jiyva.
 17626 | Lair:5   | Entered Level 5 of the Lair of Beasts
 18093 | Lair:5   | Reached skill level 5 in Fire Magic
 18611 | Lair:5   | Identified the +0 leather armour of the Tormentor {-Tele
                  | Int+5 SInv}
 18881 | Lair:5   | Noticed Kirke
 18896 | Lair:5   | Noticed a sphinx
 18905 | Lair:5   | Killed Kirke
 19877 | Lair:5   | Reached XP level 14. HP: 70/70 MP: 15/25
 19948 | Lair:5   | Reached skill level 10 in Conjurations
 20545 | D:8      | Bought an amulet of magic regeneration for 450 gold pieces
 20573 | D:8      | Bought a +1 hat of willpower for 176 gold pieces
 20573 | D:8      | Bought the +0 cloak of Understanding {Rampage rF+ Regen+
                  | SInv} for 249 gold pieces
 20774 | Orc:1    | Entered Level 1 of the Orcish Mines
 21070 | Orc:1    | Noticed Josephine
 21078 | Orc:1    | Killed Josephine
 21129 | Orc:1    | Learned a level 7 spell: Orb of Destruction
 21506 | Orc:1    | Identified the +9 mace "Yxzauxep" {freeze, Dex+2}
 21506 | Orc:1    | Identified the +3 scimitar of Wealth {drain, Drain Int+3
                  | Dex+2 SInv}
 21509 | Orc:1    | Noticed a stone giant
 21562 | Orc:1    | Killed a stone giant
 21634 | Orc:1    | Identified the +5 rapier of Valuable Assets {drain, Int+3}
 21872 | Orc:1    | Noticed Snorg
 21907 | Orc:1    | Killed Snorg
 22116 | Orc:1    | Received a gift from Sif Muna
 22190 | Orc:1    | Got Sif Muna's Volume of Confrontation and the Boggart {god
                  | gift}
 22204 | Orc:1    | Learned a level 7 spell: Malign Gateway
 22666 | Orc:2    | Entered Level 2 of the Orcish Mines
 22681 | Orc:2    | Found a staircase to the Elven Halls.
 22784 | Orc:2    | Noticed an orc warlord
 22809 | Orc:2    | Killed an orc warlord
 23067 | Orc:2    | Identified the amulet of Ushray Jukon {Faith Rampage rElec}
 23199 | Orc:2    | Noticed an orc warlord
 23204 | Orc:2    | Identified the staff of cold "Qoumudgh" {rElec rF+ rC+
                  | Int+3}
 23213 | Orc:2    | Killed an orc warlord
 23490 | Orc:2    | Noticed an orc warlord
 23515 | Orc:2    | Killed an orc warlord
 23654 | Orc:2    | Received a gift from Sif Muna
 23663 | Orc:2    | Killed from afar by an orc priest

Illustrated notes

Levels and vault maps discovered:
D:1:      onia_arrival_pentagram, layout_basic,
          hellmonk_ecumenical_altar_zigzags, nicolae_titane
D:2:      layout_basic, corexii_hall_statues_i, amethyst_killhole,
          nicolae_kite_square_tiling_tiny, uniq_crazy_yiuf_cottage
D:3:      layout_basic, gammafunk_temple_overflow_statue,
          mainiacjoe_overflow_alcove_2, serial_shops, shop,
          gammafunk_ghost_mausoleum, uniq_ijyb
D:4:      layout_loops_ring, portal_sewer_entry_a, uniq_edmund
D:5:      layout_layer_cave, minmay_temple_entry_stoned_glass, enter_ossuary_4,
          hangedman_minor_gate_pass, uniq_pikel, uniq_menkaure
D:6:      layout_layer_cave, old_standard_altar, mainiacjoe_overflow_brackets,
          trog_ov_bears_minmay, serial_shops, shop, grunt_ministairs_1,
          uniq_sigmund
D:7:      layout_rooms, eat_drink_and_be_merry_uskayaw, kennysheep_windowed_goal
D:8:      layout_basic, cheibrodos_worm_habitat, tgw_sif,
          grunt_temple_overflow_opulence, serial_shops, shop, shop,
          nicolae_shop_mannequins, nicolae_shop_waterfront, nicolae_shop_stone,
          minmay_misc_feat_rows, worms_lemuel
D:9:      layout_loops_ring, lemuel_zombie_altar_kikubaaqudgha,
          mainiacjoe_overflow_six_doors_small, erik_lair_orcish_takeover,
          orc_0_dummy, uniq_maurice
Lair:1:   layout_hall_layers, gauntlet_entry_generic, grunt_megastairs_4
Lair:2:   layout_long_grid, dummy_spider_entry, gammafunk_ghost_grave
Lair:3:   layout_big_grid, swamp_mist_pool, infiniplex_staircase_pool_2
Lair:4:   layout_cellular_growth, slime_entry_1, lemuel_fruit_fields,
          lemuel_fruit_tree
Lair:5:   evilmike_catoblepas_cave, layout_small_grid, uniq_kirke
Orc:1:    giant_chief_lemuel, layout_caves, special_room [special_room_bee],
          uniq_snorg, uniq_josephine
Orc:2:    st_orc_pillars, layout_diamond_mine, lightli_volcano_entry_magma_tube,
          minmay_orc_treasury

Skill      XL: |  1  2  3  4  5  6  7  8  9 10 11 12 13 14 |
---------------+-------------------------------------------+-----
Dodging        | 3 4 5 6 7 9 10 12 | 12.0
Earth Magic    | 3 4 5 6 7 9 10 11 12 | 12.0
Spellcasting   | 3 7 9 |  9.2
Fighting       | 1 2 3 4 5 6 7 |  7.4
Shields        | 2 4 |  4.7
Invocations    | 3 7 |  7.3
Evocations     | 4 5 |  5.0
Conjurations   | 5 8 9 11 | 11.2
Fire Magic     | 4 6 |  6.0
Stealth        | |  3.0
Transmutations | |  1.3

Action                     |  1- 3 |  4- 6 |  7- 9 | 10-12 | 13-15 || total
---------------------------+-------+-------+-------+-------+-------++-------
  Melee: Unarmed           |     1 |       |       |       |       ||     1
         Quarterstaff      |       |    14 |     1 |       |       ||    15
         Flail             |       |       |     2 |    29 |   113 ||   144
         Rapier            |       |       |       |       |    24 ||    24
  Throw: Dart              |       |       |     1 |       |       ||     1
   Cast: Sandblast         |    64 |    91 |   268 |   317 |     9 ||   749
         Fireball          |       |       |       |    22 |   133 ||   155
         Leda's Unmaking   |       |       |       |    14 |    38 ||    52
         Iskenderun's Batt |       |       |       |    12 |       ||    12
         Stone Arrow       |       |       |       |       |   307 ||   307
         Orb of Destructio |       |       |       |       |     2 ||     2
 Invoke: Channel Magic     |       |       |       |     6 |    23 ||    29
         Forget Spell      |       |       |       |     1 |       ||     1
  Evoke: Wand              |       |       |    11 |    29 |     7 ||    47
         Phantom mirror    |       |       |       |     3 |     1 ||     4
    Use: Scroll            |     5 |       |    12 |     4 |     4 ||    25
         Potion            |     1 |     4 |     3 |     1 |     1 ||    10
 Armour: Robe              |     4 |    10 |    11 |       |       ||    25
         Steam dragon scal |       |       |     2 |    44 |    35 ||    81
  Dodge: Dodged            |    48 |    65 |   107 |   317 |   335 ||   872
  Block: Other             |       |       |    10 |       |       ||    10
         Buckler           |       |       |    27 |   193 |   129 ||   349
         Reflection        |       |       |       |    10 |     1 ||    11

Table legend: (Time is in decaauts)
 A = Elapsed time spent in this place.
 B = Non-inter-level travel time spent in this place.
 C = Inter-level travel time spent in this place.
 D = Time resting spent in this place.
 E = Time spent auto-exploring this place.
 F = Levels seen in this place.
 G = Mean time per level.
                   A        B        C        D        E       F      G
               +--------+--------+--------+--------+--------+-----+--------+
         Total |  19235 |  18694 |    541 |   1748 |  13042 |  19 | 1012.4 |
       Dungeon |   8540 |   8301 |    239 |    757 |   5959 |   9 |  948.9 |
          Lair |   7232 |   7026 |    206 |    744 |   4929 |   5 | 1446.4 |
  Orcish Mines |   2235 |   2140 |     95 |    146 |   1292 |   2 | 1117.5 |
         Sewer |    646 |    646 |      0 |      0 |    526 |   1 |  646.0 |
       Ossuary |    310 |    310 |      0 |      0 |    232 |   1 |  310.0 |
      Gauntlet |    270 |    270 |      0 |     99 |    102 |   1 |  270.0 |
               +--------+--------+--------+--------+--------+-----+--------+

Top non-repeatable levels by time:
  Lair:5: 2397 daAuts
  Lair:2: 1506 daAuts
   Orc:1: 1457 daAuts
  Lair:4: 1368 daAuts
     D:9: 1122 daAuts
     D:5: 1118 daAuts
     D:8: 1107 daAuts
     D:6: 1077 daAuts
  Lair:3: 1062 daAuts
     D:4: 925 daAuts
  Lair:1: 897 daAuts
     D:2: 829 daAuts
     D:1: 825 daAuts
     D:7: 802 daAuts
   Orc:2: 777 daAuts
